 Dungeon Crawl Stone Soup version 0.30-a0-339-g89bb51ec76 (webtiles) character file.

Game seed: 8146120951682009508

1732 hikkokomori the Digger (level 8, -4/57 HPs)
             Began as a Demigod Earth Elementalist on Nov 1, 2022.
             Slain by a manticore (5 damage)
             ... on level 6 of the Dungeon.
             The game lasted 00:10:37 (5484 turns).

hikkokomori the Digger (Demigod Earth Elementalist) Turns: 5484, Time: 00:10:38

Health: -4/57      AC:  9    Str: 13    XL:     8   Next: 47%
Magic:  19/20      EV: 11    Int: 21    God:
Gold:   230        SH:  0    Dex: 14    Spells: 14/18 levels left

rFire   + . .      SeeInvis .    i - +1 demon trident (drain)
rCold   + . .      Faith    .    (no shield)
rNeg    . . .      Spirit   .    u - +3 ring mail "Vehueffum" {rF+ rC+}
rPois   .          Reflect  .    (no helmet)
rElec   .          Harm     .    s - +0 cloak
rCorr   .          Rampage  .    (no gloves)
Will    +....                    (no boots)
Stlth   +.........               o - amulet of magic regeneration
HPRegen 0.29/turn                d - ring of willpower
MPRegen 0.57/turn                l - ring of flight

@: flying
A: high MP 1, forlorn, divine attributes
a: no special abilities


You were on level 6 of the Dungeon.
You visited 1 branch of the dungeon, and saw 6 of its levels.
You also visited: Sewer.

You collected 342 gold pieces.
You spent 112 gold pieces at shops.

Inventory:

Hand Weapons
 f - a +0 short sword of electrocution
 i - a +1 demon trident of draining (weapon)
 z - a +2 dagger of holy wrath
Armour
 a - a +0 robe
 n - a +0 leather armour
 s - a +0 cloak (worn)
 u - the +3 ring mail "Vehueffum" (worn) {rF+ rC+}
   (You found it on level 3 of the Dungeon)

   rF:        It protects you from fire.
   rC:        It protects you from cold.
Jewellery
 d - a ring of willpower (left hand)
 l - a ring of flight (right hand)
 o - an amulet of magic regeneration (around neck)
 r - an amulet of magic regeneration
 v - an amulet of regeneration
 w - a +4 ring of evasion
 F - a ring of see invisible
Wands
 A - a wand of digging (4)
 B - a wand of paralysis (7)
Scrolls
 c - a scroll of noise
 j - 3 scrolls of teleportation
 k - a scroll of butterflies
 q - a scroll of fear
 y - a scroll of identify
 D - 2 scrolls of amnesia {unknown}
 G - a scroll of enchant armour {unknown}
Potions
 b - 2 potions of magic
 e - 4 potions of curing
 g - a potion of invisibility {unknown}
 h - 4 potions of heal wounds {unknown}
 m - 2 potions of haste {unknown}
 p - 5 potions of cancellation
 t - a potion of degeneration {unknown}
 x - a potion of brilliance
 C - a potion of lignification {unknown}
 E - a potion of mutation {unknown}


   Skills:
 + Level 5.6 Polearms
 - Level 2.0 Dodging
 - Level 2.0 Stealth
 + Level 5.7 Spellcasting
 - Level 1.2 Transmutations
 + Level 6.4 Earth Magic


You had 14 spell levels left.
You knew the following spells:

 Your Spells              Type           Power      Damage    Failure   Level
a - Sandblast             Erth           66%        2d15      1%          1
b - Stone Arrow           Conj/Erth      38%        3d9       19%         3

Your spell library contained the following spells:

 Spells                   Type           Power      Damage    Failure   Level
 Passwall                 Tmut/Erth      18%        N/A       7%          2
 Slow                     Hex            20%        N/A       22%         1
 Petrify                  Tmut/Erth      22%        N/A       41%         4
 Confusing Touch          Hex            5%         N/A       54%         3
 Vampiric Draining        Necr           5%         2d6       54%         3


Dungeon Overview and Level Annotations

Branches:
Dungeon (6/15)              Sewer (visited)
 Temple: D:4-7

Shops:
D:5 ?

Annotations:
D:3 Pikel


Innate Abilities, Weirdness & Mutations

You have an increased reservoir of magic. (+10% MP)
You shall have no god before yourself.
Your divine heritage dramatically boosts your attributes as you level up.


Message History

The manticore is severely wounded.
The manticore bites you. The manticore barely misses you.
The manticore claws you but does no damage.
Unknown command.
Casting: Sandblast (safe; 1% risk of failure)
Confirm with . or Enter, or press ? or * to list all spells.
Aiming: Sandblast (safe; 1% risk of failure)
Press: ? - help, Shift-Dir - straight line, f/p - manticore
Aim: a manticore (severely wounded, 90% to hit)
The blast of sand hits the manticore.
The manticore is severely wounded.
The manticore bites you but does no damage.
The manticore claws you. x2
Unknown command.
Casting: Sandblast (safe; 1% risk of failure)
Confirm with . or Enter, or press ? or * to list all spells.
Aiming: Sandblast (safe; 1% risk of failure)
Press: ? - help, Shift-Dir - straight line, f/p - manticore
Aim: a manticore (severely wounded, 90% to hit)
The blast of sand hits the manticore.
The manticore is almost dead.
The manticore bites you.
* * * LOW HITPOINT WARNING * * *
The manticore barely misses you. The manticore misses you.
The manticore closely misses you. The manticore barely misses you.
The manticore claws you!
* * * LOW HITPOINT WARNING * * *
Unknown command.
Casting: Sandblast (safe; 1% risk of failure)
Confirm with . or Enter, or press ? or * to list all spells.
Aiming: Sandblast (safe; 1% risk of failure)
Press: ? - help, Shift-Dir - straight line, f/p - manticore
Aim: a manticore (almost dead, 90% to hit)
The blast of sand hits the manticore.
The manticore is almost dead.
You carefully extract the barbed spikes from your body.
The manticore bites you.
* * * LOW HITPOINT WARNING * * *
The manticore claws you.
You die...

#..###.##.##.###.#
#...## .#.#.###..#
#....####.####..##
#........8.....##
#....####.####..##
#...## #.#.###..#
#..## #.##.###.#
#... #.# #H...#
#.#. ... #.@.## #.
.#. #..## ##
#$..## .....
######


You could see a manticore.

Vanquished Creatures
  2 yaks (D:6)
  An ice beast (D:5)
  An ogre (D:4)
  3 phantoms (D:5)
  2 lemures (D:4)
  A bullfrog (D:6)
  A gnoll sergeant (D:6)
  2 scorpions
  4 hounds (D:5)
  4 jellies (Sewer)
  An orc priest (D:6)
  3 iguanas (D:5)
  Ijyb (D:3)
  2 orc wizards
  Robin (D:4)
  7 gnolls
  7 adders
  3 river rats
  A shadow imp (D:5)
  3 white imps
  2 ufetubi
  2 worms
  18 orcs
  11 ball pythons
  6 bats
  13 endoplasms
  9 giant cockroaches
  15 goblins
  15 hobgoblins
  4 jackals (D:2)
  7 kobolds
  6 quokkas
  6 frilled lizards
  13 rats
177 creatures vanquished.

Vanquished Creatures (others)
  2 plants (D:5)
2 creatures vanquished.

Grand Total: 179 creatures vanquished

Notes
Turn   | Place    | Note
-------+----------+-------------------------------------------
     0 | D:1      | hikkokomori the Demigod Earth Elementalist began the quest
                  | for the Orb.
     0 | D:1      | Reached XP level 1. HP: 14/14 MP: 5/5
     1 | D:1      | Noticed an electric eel
   113 | D:1      | Reached skill level 1 in Transmutations
   331 | D:1      | Reached XP level 2. HP: 19/20 MP: 0/7
  1194 | D:2      | Reached skill level 3 in Earth Magic
  1339 | D:2      | Reached XP level 3. HP: 23/26 MP: 5/8
  1421 | D:2      | Reached skill level 1 in Polearms
  2028 | D:3      | Identified the +3 ring mail "Vehueffum" {rF+ rC+}
  2064 | D:3      | Learned a level 3 spell: Stone Arrow
  2191 | D:3      | Reached XP level 4. HP: 33/33 MP: 10/10
  2352 | D:3      | Noticed Ijyb
  2376 | D:3      | Killed Ijyb
  2804 | D:4      | Noticed Pikel
  2804 | D:4      | Noticed a lemure
  2804 | D:4      | Noticed a lemure
  2804 | D:4      | Noticed a lemure
  2805 | D:4      | Noticed a lemure
  2877 | D:4      | Reached XP level 5. HP: 38/38 MP: 12/12
  2941 | D:4      | Noticed Robin
  2946 | D:4      | Killed Robin
  3073 | D:4      | Reached skill level 4 in Earth Magic
  3129 | D:4      | Noticed an ogre
  3134 | D:4      | Killed an ogre
  3135 | D:4      | Reached XP level 6. HP: 29/45 MP: 11/14
  3838 | D:5      | Entered Level 5 of the Dungeon
  4017 | D:5      | Found Wokir's Magic Scroll Shop.
  4026 | D:5      | Bought a scroll of magic mapping for 112 gold pieces
  4039 | D:5      | Reached XP level 7. HP: 49/50 MP: 16/16
  4065 | D:5      | Reached skill level 5 in Earth Magic
  4125 | D:5      | Found a glowing drain.
  4137 | Sewer    | Entered a sewer
  4723 | D:5      | Reached skill level 5 in Spellcasting
  4723 | D:5      | Reached XP level 8. HP: 57/57 MP: 19/19
  5212 | D:6      | Reached skill level 5 in Polearms
  5274 | D:6      | Reached skill level 6 in Earth Magic
  5477 | D:6      | Noticed a manticore
  5484 | D:6      | HP: 1/57 [manticore (5)]
  5484 | D:6      | Slain by a manticore

Illustrated notes

Levels and vault maps discovered:
D:1:      arrival_aquarium_a, layout_basic, ebering_ecumenical_altar_webs
D:2:      layout_loops_ring
D:3:      layout_loops_ring, serial_rivers, chequers_serial_rivers_micro_a,
          chequers_serial_rivers_room_a, chequers_serial_rivers_large_a,
          chequers_serial_rivers_micro_b, chequers_serial_rivers_room_a,
          uniq_ijyb
D:4:      cheibrodos_greedy_goblins, layout_basic,
          mainiacjoe_overflow_tiny_flanked, minmay_unequal, uniq_robin,
          uniq_pikel
D:5:      layout_loops_ring, fedhas_altar_1, mainiacjoe_overflow_chevrons,
          serial_shops, shop, portal_sewer_entry_e
D:6:      layout_gridville, mainiacjoe_overflow_paths,
          mainiacjoe_overflow_boulevard, evilmike_ruin_ashenzari,
          mainiacjoe_overflow_alcove_1, temple_doors_cd, kb_rosetta

Skill      XL: |  1  2  3  4  5  6  7  8 |
---------------+-------------------------+-----
Transmutations | 1 |  1.2
Stealth        | 2 |  2.0
Dodging        | 2 |  2.0
Spellcasting   | 2 3 4 5 |  5.7
Earth Magic    | 3 4 5 6 |  6.4
Polearms       | 1 2 3 4 5 |  5.6

Action                   |  1- 3 |  4- 6 |  7- 9 || total
-------------------------+-------+-------+-------++-------
Melee: Demon trident     |    43 |    71 |   109 ||   223
       Short sword       |    11 |       |       ||    11
       Punch             |       |       |     1 ||     1
 Cast: Sandblast         |    45 |    88 |    92 ||   225
  Use: Scroll            |       |    13 |       ||    13
       Potion            |       |       |     1 ||     1
 Stab: Sleeping          |     1 |     1 |     1 ||     3
       Distracted        |       |     1 |       ||     1
Armor: Robe              |    10 |       |       ||    10
       Leather armour    |    11 |       |       ||    11
       Ring mail         |       |    64 |    43 ||   107
Dodge: Dodged            |    48 |    95 |    82 ||   225

Table legend: (Time is in decaauts)
 A = Elapsed time spent in this place.
 B = Non-inter-level travel time spent in this place.
 C = Inter-level travel time spent in this place.
 D = Time resting spent in this place.
 E = Time spent auto-exploring this place.
 F = Levels seen in this place.
 G = Mean time per level.
                   A        B        C        D        E       F      G
               +--------+--------+--------+--------+--------+-----+--------+
         Total |   5628 |   5422 |    206 |    258 |   3917 |   7 |  804.0 |
       Dungeon |   5362 |   5156 |    206 |    258 |   3770 |   6 |  893.7 |
         Sewer |    266 |    266 |      0 |      0 |    147 |   1 |  266.0 |
               +--------+--------+--------+--------+--------+-----+--------+

Top non-repeatable levels by time:
     D:1: 1149 daAuts
     D:4: 1025 daAuts
     D:2: 896 daAuts
     D:3: 846 daAuts
     D:5: 811 daAuts
     D:6: 633 daAuts
   Sewer: 266 daAuts
